 Dungeon Crawl Stone Soup version 0.26-a0-639-g72c4674329 (webtiles) character file.

Game seed: 17332185869696802736

27 PentaManta the Chopper (level 3, -16/29 HPs)
             Began as a Formicid Abyssal Knight on Sept 19, 2020.
             Was a Follower of Lugonu.
             Engulfed by a cloud of flame (26 damage)
             ... on level 1 of the Dungeon.
             The game lasted 00:02:09 (1323 turns).

PentaManta the Chopper (Formicid Abyssal Knight)    Turns: 1323, Time: 00:02:10

Health: -16/29     AC:  6    Str: 17    XL:     3   Next: 25%
Magic:  4/4        EV:  9    Int: 11    God:    Lugonu [*.....]
Gold:   41         SH:  0    Dex: 10    Spells: 2/2 levels left

rFire    . . .     SeeInvis +   a - +1 hand axe
rCold    . . .     Faith    .   (no shield)
rNeg     . . .     Spirit   .   h - +0 scale mail
rPois    .         Reflect  .   (helmet unavailable)
rElec    .         Harm     .   (no cloak)
rCorr    .         Rampage  .   (no gloves)
MR       .....                  (no boots)
Stlth    ..........             (no amulet)
HPRegen  0.09/turn              (no ring)
MPRegen  0.09/turn              (no ring)

@: no status effects
A: permanent stasis, dig shafts and tunnels, four strong arms, antennae 3
a: Dig, Shaft Self, Depart the Abyss, Renounce Religion


You were on level 1 of the Dungeon.
You worshipped Lugonu.
Lugonu was aware of your devotion.
You visited 1 branch of the dungeon, and saw 1 of its levels.
You visited the Abyss 1 time.

You collected 41 gold pieces.

Inventory:

Hand Weapons
 a - a +1 hand axe (weapon)
 e - a +0 hunting sling
Missiles
 k - 12 poisoned darts (quivered)
 l - 22 sling bullets
Armour
 b - a +0 leather armour
 h - a +0 scale mail (worn)
Scrolls
 c - a scroll of fog {unknown}
 d - a scroll of remove curse {unknown}
Potions
 f - a potion of stabbing {unknown}
 g - a potion of degeneration {unknown}
 i - a potion of flight {unknown}
 j - a potion of might {unknown}


   Skills:
 - Level 3.2 Fighting
 + Level 3.5 Axes
 - Level 2.1 Armour
 - Level 0.8 Dodging
 - Level 2.1 Invocations


You had 2 spell levels left.
You didn't know any spells.
Your spell library was empty.

Dungeon Overview and Level Annotations

Branches:
Dungeon (1/15)

Altars:


Innate Abilities, Weirdness & Mutations

You cannot be hasted, slowed, berserked, paralysed or teleported.
You can dig through walls and to a lower floor.
Your four strong arms can wield two-handed weapons with a shield.
You have a pair of large antennae on your head. (SInv)


Message History

Sorry, I don't know how to get there.
Press: ? - help, . - travel You can't see that place. [the floor.]
There is an open door here.
You extend your mandibles.
You dig through the translucent rock wall.
You retract your mandibles.
Press: ? - help, v - describe, . - travel, g - get item Item here: 22 sling bullets.
The floor.
There is a cloud of flame here.
Really walk into that cloud of flame?
You are engulfed in blazing flames.
Ouch! That really hurt!
You see here 22 sling bullets.
l - 22 sling bullets You are engulfed in blazing flames.
Ouch! That really hurt!
You die...

# #..#.#≈♣P≈≈P..≈≈..≈# #.#.
#####..#.#≈♣♣≈≈♣♣P≈≈PP≈# #.#.
....#.(#.#≈♣P≈≈P♣♣≈≈♣♣≈# #...
.##.#..#.#≈PP≈≈PP♣≈≈.P≈# ####
..#.#..#.#≈P♣≈≈♣.♣≈≈PP≈# #
#.#.#).#.#≈..≈≈≈≈≈≈≈.♣≈##### #
#...#..#.#≈♣♣≈.....≈♣P≈#...# #
##.......#≈≈≈≈.###.≈≈≈≈#...# ###
##.##.##.'......@#.....'..<# #..
##..#.####≈≈≈≈.###.≈≈≈≈#...####.#
###.#.# #≈♣P≈.....≈P♣≈#...##...#
# #.#.# #≈♣P≈≈≈≈≈≈≈♣P≈######.###
# #.#.# #≈PP≈≈P.♣≈≈PP≈#....#.#
###.#.## #≈♣P≈≈♣PP≈≈♣P≈#.##.#.#
#......# #≈♣.≈≈PPP≈≈.♣≈#.##...#
#.##...# #≈P♣≈≈PPP≈≈♣.≈#.######
#.##...# #≈P♣≈≈P♣P≈≈P♣≈#.#


There were no monsters in sight!

Vanquished Creatures
  2 dart slugs (D:1)
  A leopard gecko (D:1)
  5 bats (D:1)
  A giant cockroach (D:1)
  3 hobgoblins (D:1)
  2 frilled lizards (D:1)
  4 goblins (D:1)
  A kobold (D:1)
  3 rats (D:1)
22 creatures vanquished.

Notes
Turn   | Place    | Note
-------+----------+-------------------------------------------
     0 | Abyss:1  | PentaManta the Formicid Abyssal Knight began the quest for
                  | the Orb.
     0 | Abyss:1  | Reached XP level 1. HP: 18/18 MP: 2/2
    54 | Abyss:1  | Noticed a raiju
    55 | D:1      | Escaped the Abyss
   512 | D:1      | Reached XP level 2. HP: 16/24 MP: 3/3
   704 | D:1      | Reached * piety under Lugonu
   921 | D:1      | Reached XP level 3. HP: 29/29 MP: 4/4
  1323 | D:1      | Engulfed by a cloud of flame

Illustrated notes

Levels and vault maps discovered:
D:1:      lightli_arrival_farm, layout_basic

Skill      XL: |  1  2 |
---------------+-------+-----
Axes           | 3 |  3.5
Fighting       | |  3.2
Armour         | |  2.1
Dodging        | |  0.8
Invocations    | |  2.1

Action                   || total
-------------------------++-------
Melee: Hand axe          ||    64
Invok: Depart the Abyss  ||     1
 Abil: Dig               ||     1
Armor: Leather armour    ||    21
       Scale mail        ||     5
Dodge: Dodged            ||    46

Table legend: (Time is in decaauts)
 A = Elapsed time spent in this place.
 B = Non-inter-level travel time spent in this place.
 C = Inter-level travel time spent in this place.
 D = Time resting spent in this place.
 E = Time spent auto-exploring this place.
 F = Levels seen in this place.
 G = Mean time per level.
                   A        B        C        D        E       F      G
               +--------+--------+--------+--------+--------+-----+--------+
         Total |   1356 |   1262 |     94 |    261 |    791 |   2 |  678.0 |
       Dungeon |   1301 |   1207 |     94 |    261 |    791 |   1 | 1301.0 |
         Abyss |     55 |     55 |      0 |      0 |      0 |   1 |   55.0 |
               +--------+--------+--------+--------+--------+-----+--------+

Top non-repeatable levels by time:
     D:1: 1301 daAuts
 Abyss:1: 55 daAuts
